cohdb
Replays
Latest Replays
All Replays
Popular Replays
Top Player Replays
Match Explorer
How It Works
Community
CoH3 Stats
Reddit
Sign in to upload your games and track your stats! →
Sign in with Steam
Match 37077666
Unlisted
Match 37077666
Overview
Messages
Build Orders
End
Kradschützen Motorcycle Team
250 Light Carrier
Selects Armored Support Battlegroup
Panzergrenadier Squad
Panzergrenadier Squad
Construct Light Support Kompanie
Selects Superior Fire Drills
Selects Salvage Kits
Fire Support Elements
Pak 38 Mechanized Group
Flakvierling Half-track
2.5-tonne Medical Truck
MG34 Team
deadsadbadmad
Alessandro-9891
King Kala
The World
0
0
Comments
sign in to comment!
No comments posted yet!